 Dungeon Crawl Stone Soup version 0.20-a0-303-g575bbf7 (webtiles) character file.

1000 FrankyJ the Magician (level 8, -3/50 HPs)
             Began as an Octopode Conjurer on Dec 16, 2016.
             Slain by Dowan
             ... wielding a +0 hand axe
              (7 damage)
             ... on level 4 of the Dungeon on Dec 17, 2016.
             The game lasted 00:25:24 (8220 turns).

FrankyJ the Magician (Octopode Conjurer)            Turns: 8220, Time: 00:25:24

Health: -3/50      AC:  1    Str:  7    XL:     8   Next: 19%
Magic:  4/16       EV: 14    Int: 17    God:
Gold:   167        SH:  0    Dex: 15    Spells: 11/18 levels left

rFire  . . .     SeeInvis .     m - +2 whip (vamp)
rCold  . . .     Gourm    .     (no shield)
rNeg   . . .     Faith    .     (helmet restricted)
rPois  .         Spirit   .     (no amulet)
rElec  .         Reflect  .     (no ring)
rCorr  .         Harm     .     (no ring)
MR     .....                    (no ring)
Stlth  ++........               (no ring)
                                (no ring)
                                (no ring)
                                (no ring)
                                (no ring)

@: very slightly contaminated, glowing
A: almost no armour, stealthy swim, amphibious, 8 rings, constrict 8, camouflage
1, gelatinous body 1
a: no special abilities


You were on level 4 of the Dungeon.
You were not hungry.

You visited 1 branch of the dungeon, and saw 5 of its levels.

You collected 167 gold pieces.

Inventory:

Hand Weapons
 h - a +0 dagger of draining
 j - a +0 dagger
 l - a +0 dagger of flaming
 m - a +2 vampiric whip (weapon)
 s - a +0 falchion of electrocution
Missiles
 q - 5 tomahawks (quivered)
Armour
 o - a +0 buckler
Magical Staves
 r - an uncursed staff of cold {unknown}
Jewellery
 y - an uncursed amulet of the gourmand {unknown}
Scrolls
 i - 4 scrolls of identify
 k - 4 scrolls of teleportation
 t - 2 scrolls of blinking
 u - a scroll of immolation {unknown}
 v - 2 scrolls of enchant armour {unknown}
 w - a scroll of random uselessness {unknown}
 x - 3 scrolls of remove curse {unknown}
Potions
 c - a potion of agility
 d - 2 potions of ambrosia
 e - a potion of curing
 f - a potion of cure mutation
 g - 4 potions of lignification {unknown}
 n - a potion of beneficial mutation {unknown}
Books
 a - a book of Conjurations

   Spells                             Type                      Level
   a - Magic Dart                     Conjuration                  1
   b - Searing Ray                    Conjuration                  2
   c - Dazzling Spray                 Conjuration/Hexes            3
   d - Fulminant Prism                Conjuration/Hexes            4
   e - Iskenderun's Mystic Blast      Conjuration                  4
   f - Iskenderun's Battlesphere      Conjuration/Charms           5
Comestibles
 b - 2 bread rations
 p - a royal jelly
 z - 2 meat rations
 A - a chunk of flesh


   Skills:
 - Level 2.2 Fighting
 - Level 3.1 Dodging
 - Level 3.0 Stealth
 + Level 5.8 Spellcasting
 - Level 5.0 Conjurations
 + Level 4.8 Hexes


You had 11 spell levels left.
You knew the following spells:

 Your Spells              Type           Power        Failure   Level  Hunger
a - Magic Dart            Conj           ###.         1%          1    None
b - Searing Ray           Conj           ###...       2%          2    #......
c - Fulminant Prism       Conj/Hex       ###.......   21%         4    ####...


Dungeon Overview and Level Annotations

Branches:
Dungeon (5/15)
 Temple: D:4-7

Altars:
Nemelex Xobeh
Okawaru
Xom

Annotations:
D:4 Dowan; aTarkinC's ghost, amateur DEFE


Innate Abilities, Weirdness & Mutations

You cannot wear most types of armour.
You are very stealthy in the water. (Stealth+)
You are amphibious.
You can wear up to eight rings at the same time.
You can use your tentacles to constrict eight enemies at once.
Your skin changes colour to match your surroundings (Stealth+).
Your rubbery body absorbs attacks. (AC +1, EV +1)


Message History

Dowan casts a spell at you. The puff of frost misses you.
The puff of frost misses Duvessa.
Duvessa misses you. Dowan gestures at you while chanting.
You are outlined in light.
Duvessa barely misses you. Dowan hits you with a hand axe.
* * * LOW HITPOINT WARNING * * *
Duvessa hits you with a short sword!
* * * LOW HITPOINT WARNING * * *
Casting: Searing Ray
Confirm with . or Enter, or press ? or * to list all spells.
Aiming: Magic Dart
Press: ? - help, Shift-Dir - straight line, f/p - Duvessa
Aim: Duvessa, wielding a short sword (almost dead)
The magic dart hits Duvessa.
You kill Duvessa!
Dowan's eyes darken. "You have made a black mistake."
Dowan seems to find hidden reserves of power!
Dowan hits you with a hand axe!
You die...

##..#..###.#######.#######.#.##
..............................#
####..##########.........#.####
##...........# #.#.#####.#.#
.#.##..#####.###.#.#####.#.#
.#.............#.#.......#.#
.#..##..####.#.#.#########.#
##..##...# #.#.#e# #.#
##..###..###.#.#@# #.# ....#
#...##.#.#)# #.#
....####..##.#.#.. #.# .....#
#...#.#.#### #.#
.....####..#.#.# #.#
.............#.# #.#
##.#.#####..##.# #.#
##.#.#####..##.# #<#
##.#...........# ###


You could see Dowan.

Vanquished Creatures
  Eustachio (D:4)
  Duvessa (D:4)
  An ogre (D:5)
  2 scorpions
  A crimson imp (D:5)
  3 orc priests
  A jelly (D:5)
  2 centaur skeletons
  2 orc wizards
  2 iguanas
  2 worker ants (D:4)
  4 gnolls
  5 adders
  3 dart slugs
  4 leopard geckos
  21 orcs
  14 bats
  2 giant cockroaches (D:4)
  8 goblins
  10 hobgoblins
  9 jackals
  4 kobolds
  3 quokkas (D:4)
  3 ball pythons
  7 frilled lizards
  11 rats
126 creatures vanquished.

Notes
Turn   | Place    | Note
-------+----------+-------------------------------------------
     0 | D:1      | FrankyJ the Octopode Conjurer began the quest for the Orb.
     0 | D:1      | Reached XP level 1. HP: 11/11 MP: 3/3
   380 | D:1      | Reached XP level 2. HP: 17/17 MP: 1/5
  1169 | D:1      | Reached XP level 3. HP: 21/21 MP: 3/6
  1201 | D:1      | Learned a level 2 spell: Searing Ray
  1566 | D:1      | HP: 1/21 [jackal (3)]
  2476 | D:1      | Reached XP level 4. HP: 20/27 MP: 3/7
  2785 | D:2      | Reached skill level 5 in Conjurations
  2925 | D:2      | Found an iron altar of Okawaru.
  3133 | D:2      | Found a shimmering altar of Xom.
  3339 | D:2      | Reached XP level 5. HP: 32/32 MP: 4/9
  3635 | D:2      | Learned a level 4 spell: Fulminant Prism
  4809 | D:3      | Reached skill level 1 in Fighting
  5187 | D:3      | Reached XP level 6. HP: 38/38 MP: 6/11
  5200 | D:3      | Reached skill level 1 in Hexes
  5484 | D:3      | Found a sparkling altar of Nemelex Xobeh.
  5952 | D:4      | Noticed Eustachio
  5966 | D:4      | Killed Eustachio
  6107 | D:4      | Noticed Duvessa
  6120 | D:4      | Noticed Dowan
  6147 | D:5      | Entered Level 5 of the Dungeon
  6324 | D:5      | Reached XP level 7. HP: 6/45 MP: 4/13
  7010 | D:3      | HP: 1/45 [scorpion (8)]
  7295 | D:4      | Noticed aTarkinC's ghost (amateur DEFE)
  7414 | D:4      | Reached skill level 5 in Spellcasting
  7987 | D:5      | Reached XP level 8. HP: 46/50 MP: 12/16
  8220 | D:4      | Killed Duvessa
  8220 | D:4      | Slain by Dowan

Vault maps used:
D:1:      lemuel_arrival_lava_pool, kennysheep_boxes
D:2:      xom_teletrap_fun, lemuel_coloured_pillars_altar
D:3:      nemelex_altar_shiori, first_bread
D:4:      serial_shops, nicolae_shop_crystal, uniq_eustachio, uniq_duvessa,
          uniq_blork_the_orc

Skill      XL: |  1  2  3  4  5  6  7 |
---------------+----------------------+-----
Stealth        | 3 |  3.0
Conjurations   | 5 |  5.0
Spellcasting   | 3 4 5 |  5.8
Dodging        | 3 |  3.1
Fighting       | 1 2 |  2.2
Hexes          | 2 4 |  4.8

Action                   |  1- 3 |  4- 6 |  7- 9 || total
-------------------------+-------+-------+-------++-------
Melee: Constrict         |     2 |     7 |     2 ||    11
       Tentacles         |     2 |     5 |     1 ||     8
       Unarmed           |     1 |       |       ||     1
       Hand axe          |     6 |       |       ||     6
       Dagger            |     3 |     9 |       ||    12
       Whip              |       |    14 |     5 ||    19
 Cast: Magic Dart        |    43 |    15 |     3 ||    61
       Searing Ray       |    11 |    53 |    27 ||    91
  Use: Scroll            |     4 |     1 |     1 ||     6
       Potion            |       |       |     3 ||     3
 Stab: Sleeping          |       |     3 |       ||     3
  Eat: Chunk             |     6 |    10 |     8 ||    24
       Meat ration       |       |     1 |       ||     1
       Pizza             |       |     1 |       ||     1
Armor: Skin              |     7 |     6 |     1 ||    14
Dodge: Dodged            |    50 |    53 |    36 ||   139
